 Dungeon Crawl Stone Soup version 0.22-a0-373-gab1296c (webtiles) character file.

4507 iamserjio the Quickloader (level 10, -2/53 HPs)
             Began as a Kobold Hunter on Apr 25, 2018.
             Slain by a two-headed ogre
             ... wielding a +0 dire flail
              (7 damage)
             ... on level 8 of the Dungeon.
             The game lasted 00:39:13 (8967 turns).

iamserjio the Quickloader (Kobold Hunter)           Turns: 8967, Time: 00:39:14

Health: -2/53      AC: 10    Str: 13    XL:     10   Next: 65%
Magic:  6/14       EV: 19    Int: 13    God:
Gold:   395        SH:  0    Dex: 20    Spells: 8/15 levels left

rFire    . . .     SeeInvis .   J - +4 rapier
rCold    . . .     Gourm    .   (shield restricted)
rNeg     . . .     Faith    .   g - +0 troll leather armour
rPois    .         Spirit   .   n - +2 helmet
rElec    .         Reflect  .   w - +2 cloak
rCorr    .         Harm     .   (no gloves)
MR       .....                  (no boots)
Stlth    ++++......             (no amulet)
HPRegen  0.57/turn              j - +5 ring of dexterity
MPRegen  0.14/turn              (no ring)

@: no status effects
A: small, carnivore
a: no special abilities


You were on level 8 of the Dungeon.
You were very full.

You visited 2 branches of the dungeon, and saw 9 of its levels.
You also visited: Sewer and Ossuary.

You collected 507 gold pieces.
You spent 112 gold pieces at shops.

Inventory:

Hand Weapons
 a - a +3 hand crossbow
 b - a +0 short sword
 t - a +0 hunting sling of freezing
 v - a +3 quarterstaff of chaos
 H - a +0 hunting sling of velocity
 J - a +4 rapier (weapon)
 N - a +4 spear of freezing
 P - a +1 dagger of draining
Missiles
 C - 32 bolts
Armour
 g - a +0 troll leather armour (worn)
 n - a +2 helmet (worn)
 w - a +2 cloak (worn)
 O - a +2 robe
 R - a +0 pair of boots
Jewellery
 j - a +5 ring of dexterity (left hand)
 o - an uncursed ring of resist corrosion
 y - an uncursed ring of positive energy
 A - an uncursed ring of poison resistance
Wands
 c - a wand of paralysis (14)
 d - a wand of acid (7)
 I - a wand of flame (29)
 M - a wand of random effects (32)
Scrolls
 e - 3 scrolls of magic mapping
 l - 11 scrolls of teleportation
 m - 6 scrolls of fear
 p - a scroll of blinking
 q - 5 scrolls of remove curse
 r - 3 scrolls of identify
 x - 3 scrolls of enchant armour
 z - 2 scrolls of amnesia
 B - 3 scrolls of immolation
 D - 2 scrolls of fog {unknown}
Potions
 h - a potion of lignification {unknown}
 i - 4 potions of brilliance
 k - 2 potions of might {unknown}
 s - 3 potions of haste
 u - 8 potions of curing
 E - a potion of berserk rage {unknown}
 F - 2 potions of ambrosia {unknown}
 G - a potion of mutation {unknown}
 K - 4 potions of magic
 L - 3 potions of agility {unknown}
Comestibles
 f - 19 rations


   Skills:
 - Level 2.1 Fighting
 - Level 9.5 Crossbows
 - Level 3.5 Armour
 - Level 6.0 Dodging
 - Level 7.0 Stealth
 + Level 3.2 Spellcasting
 * Level 4.6 Hexes
 * Level 5.9 Summonings
 * Level 5.8 Air Magic


You had 8 spell levels left.
You knew the following spells:

 Your Spells              Type           Power        Failure   Level  Hunger
a - Summon Lightning Spi  Summ/Air       ###.....     24%         4    #####..
b - Confuse               Hex            ##......     12%         3    ###....


Dungeon Overview and Level Annotations

Branches:
Dungeon (8/15)             Temple (1/1) D:4
   Lair: D:8-11

Altars:
Ashenzari
Cheibriados
Dithmenos
Fedhas
Gozag
Hepliaklqana
Kikubaaqudgha
Makhleb
Nemelex Xobeh
Qazlal
Ru
Sif Muna
Uskayaw
Vehumet
Wu Jian
Xom
Yredelemnul
The Shining One

Shops:
D:8 [


Innate Abilities, Weirdness & Mutations

You are small and have problems with some larger weapons.
You are carnivorous and can eat meat at any time.


Message History

You catch the helpless two-headed ogre completely off-guard!
You puncture the two-headed ogre!
The two-headed ogre is severely wounded.
The two-headed ogre hits you with a dire flail!
The two-headed ogre hits you with a giant club!!
* * * LOW HITPOINT WARNING * * *
You strike the helpless two-headed ogre from behind!
You puncture the two-headed ogre!
The two-headed ogre is almost dead.
The two-headed ogre gestures wildly.
The two-headed ogre barely misses you.
The two-headed ogre hits you with a giant club!
* * * LOW HITPOINT WARNING * * *
You hit the two-headed ogre.
The two-headed ogre is almost dead.
You hit the two-headed ogre.
The two-headed ogre is almost dead.
The two-headed ogre seems less confused.
The two-headed ogre hits you with a dire flail!
You die...

#.#.#..#.# #.#.# #..#.#.
#.#.#..#.# #.#.#######.#.#.
#.#.#..#.# #.#.#....##.).#<
#.#.#..#.# #.#.'.........#.
#.#.#<.#.# #.###....##.<.#.
#.#.#)##.#####'###....##...##
#.#.#............#..p.##.....
##.#.#####).......#....##.#.##
##..#.#####)..@O...#....##.#.#
#.................p#....##.#?#
#.≈≈≈≈.≈≈≈≈≈...#'###....##.#.##
#.≈≈≈≈.≈≈≈≈≈.#.#...........#..#
##.≈≈≈≈.≈≈≈≈≈.#.#############..#
#..≈≈≈≈.≈≈≈≈≈...#######.........
#..≈≈≈≈...p...........+....[...>
#........≈≈≈≈.#######.#.≈#####..
#..≈≈≈≈≈.≈≈≈≈.# #..≈#######.


You could see a two-headed ogre and 2 neutral freed slaves.

Vanquished Creatures
  A slime creature (D:8)
  Pikel (D:8)
  Psyche (D:8)
  A hippogriff (D:8)
  A wyvern (D:8)
  Duvessa (D:5)
  A sky beast (D:7)
  3 ice beasts
  A necrophage (D:8)
  3 ogres
  A phantom (D:4)
  A big kobold (D:7)
  5 bullfrogs
  Dowan (D:5)
  A wyvern zombie (D:8)
  2 vampire bats (D:5)
  3 wights
  5 howler monkeys
  5 crimson imps
  A bullfrog zombie (D:6)
  An orc priest (D:8)
  3 jellies (D:8)
  3 hounds
  Crazy Yiuf (D:2)
  4 centaur skeletons
  An orc wizard (D:6)
  5 worker ants
  A hound zombie (D:5)
  5 mummies (Ossuary)
  2 hound skeletons (D:5)
  10 adders
  2 river rats (Sewer)
  A shadow imp (D:7)
  9 oozes
  2 adder skeletons (D:4)
  2 adder zombies
  3 worms
  6 leopard geckos
  7 orcs
  4 giant cockroaches
  6 goblins
  5 hobgoblins
  6 jackals
  5 kobolds
  3 quokkas (D:3)
  8 ball pythons
  9 bats
  9 frilled lizards
  2 giant cockroach zombies (D:5)
  3 gnoll zombies (Ossuary)
  A goblin zombie (Ossuary)
  A hobgoblin zombie (Ossuary)
  2 kobold zombies (Ossuary)
  A leopard gecko skeleton (D:8)
  An orc zombie (Ossuary)
  31 rats
204 creatures vanquished.

Vanquished Creatures (others)
  An orc (D:8)
  A giant cockroach (D:7)
  A jackal skeleton (D:8)
3 creatures vanquished.

Grand Total: 207 creatures vanquished

Notes
Turn   | Place    | Note
-------+----------+-------------------------------------------
     0 | D:1      | iamserjio the Kobold Hunter began the quest for the Orb.
     0 | D:1      | Reached XP level 1. HP: 12/12 MP: 1/1
   106 | D:1      | Reached skill level 5 in Crossbows
   108 | D:1      | Reached XP level 2. HP: 17/17 MP: 2/2
   880 | D:2      | Reached XP level 3. HP: 20/21 MP: 3/3
  1035 | D:2      | Noticed an earth elemental
  1038 | D:2      | Found a stormy altar of Qazlal.
  1039 | D:2      | Noticed a fire elemental
  1039 | D:2      | Noticed an air elemental
  1039 | D:2      | Noticed a water elemental
  1057 | D:2      | Reached skill level 1 in Armour
  1199 | D:2      | Reached XP level 4. HP: 26/26 MP: 4/4
  1368 | D:2      | Found a runed door.
  1377 | D:2      | Noticed Crazy Yiuf
  1543 | D:2      | Killed Crazy Yiuf
  1543 | D:2      | Reached skill level 6 in Crossbows
  1786 | D:2      | Reached XP level 5. HP: 30/30 MP: 5/5
  2340 | D:3      | Found a shimmering altar of Xom.
  2875 | D:4      | Found a staircase to the Ecumenical Temple.
  2879 | Temple   | Entered the Ecumenical Temple
  3210 | D:4      | Noticed an ogre
  3217 | D:4      | Killed an ogre
  3217 | D:4      | Reached skill level 7 in Crossbows
  3217 | D:4      | Reached XP level 6. HP: 35/35 MP: 6/6
  3392 | D:4      | Noticed a phantom
  3394 | D:4      | Found a burning altar of Makhleb.
  3394 | D:4      | Noticed a blizzard demon
  3402 | D:4      | Killed a phantom
  3875 | D:5      | Entered Level 5 of the Dungeon
  3911 | D:5      | Reached XP level 7. HP: 40/40 MP: 7/7
  3938 | D:5      | Found a sand-covered staircase.
  3946 | Ossuary  | Entered an ossuary
  4318 | D:5      | Noticed Duvessa
  4319 | D:5      | Noticed Dowan
  4354 | D:5      | Killed Duvessa
  4361 | D:5      | Killed Dowan
  4361 | D:5      | Reached skill level 8 in Crossbows
  4361 | D:5      | Reached skill level 5 in Dodging
  4470 | D:5      | Reached XP level 8. HP: 33/44 MP: 8/8
  4494 | D:5      | Learned a level 4 spell: Summon Lightning Spire
  4557 | D:5      | Reached skill level 1 in Summonings
  4557 | D:5      | Reached skill level 1 in Air Magic
  4661 | D:5      | Reached skill level 5 in Stealth
  4862 | D:6      | Found a glowing drain.
  4936 | Sewer    | Entered a sewer
  5264 | Sewer    | Reached skill level 9 in Crossbows
  5270 | Sewer    | Reached XP level 9. HP: 38/48 MP: 9/9
  5609 | D:6      | Got a smoking trident
  5610 | D:6      | Identified the cursed +1 trident "Vodat" {distort, *Corrode rElec rC++ SInv} (You found it on level 6 of the Dungeon)
  6251 | D:6      | Learned a level 3 spell: Confuse
  6862 | D:7      | Reached skill level 1 in Hexes
  7703 | D:8      | Noticed a hippogriff
  7776 | D:8      | Noticed a slime creature
  7776 | D:8      | Noticed a slime creature
  7850 | D:8      | Reached skill level 1 in Spellcasting
  8127 | D:8      | Noticed a two-headed ogre
  8168 | D:8      | Noticed Psyche
  8188 | D:8      | Killed a hippogriff
  8213 | D:8      | Reached XP level 10. HP: 17/53 MP: 12/12
  8301 | D:8      | Killed Psyche
  8312 | D:8      | Noticed Pikel
  8320 | D:8      | Killed Pikel
  8320 | D:8      | Reached skill level 5 in Summonings
  8320 | D:8      | Reached skill level 5 in Air Magic
  8701 | D:8      | Found Feudghiodo's Antique Armour Shop.
  8707 | D:8      | Bought a pair of boots for 112 gold pieces
  8744 | D:8      | Killed a very large slime creature
  8967 | D:8      | Slain by a two-headed ogre

Vault maps used:
D:1:      co_arrival_square_in_a_square_in_a_square
D:2:      nicolae_qazlal_style_of_elements, uniq_crazy_yiuf_cottage
D:3:      overflow_temple_1_default, first_ration
D:4:      makhleb_altar_promises_db, minmay_temple_entry_trees
D:5:      nicolae_ossuary_entry_plus, roderic_batcave, hangedman_decor_riveting,
          uniq_duvessa
D:6:      portal_sewer_entry_a, minivault_22
D:7:      lemuel_flame_loot_1
D:8:      kennysheep_mini, gammafunk_temple_overflow_forgotten, serial_shops,
          nicolae_shop_overgrown_old_shop, minivault_14,
          hangedman_little_slice_of_home, uniq_psyche, uniq_pikel
Temple:   regret_index_temple_waves
Sewer:    sewer_minmay_w
Ossuary:  ossuary_crypta

Skill      XL: |  1  2  3  4  5  6  7  8  9 10 |
---------------+-------------------------------+-----
Crossbows      | 5 6 7 8 9 |  9.5
Dodging        | 3 4 5 6 |  6.0
Armour         | 1 2 3 |  3.5
Stealth        | 3 5 7 |  7.0
Summonings     | 2 4 5 |  5.9
Air Magic      | 2 4 5 |  5.8
Hexes          | 2 4 |  4.6
Spellcasting   | 1 3 |  3.2
Fighting       | |  2.1

Action                   |  1- 3 |  4- 6 |  7- 9 | 10-12 || total
-------------------------+-------+-------+-------+-------++-------
Melee: Quarterstaff      |       |       |    51 |       ||    51
       Rapier            |       |       |   377 |   132 ||   509
 Fire: Hand crossbow     |    53 |    80 |    90 |       ||   223
 Cast: Confuse           |       |       |       |     9 ||     9
Evoke: Wand              |       |       |     6 |    10 ||    16
  Use: Scroll            |       |    12 |    12 |       ||    24
       Potion            |       |       |     1 |       ||     1
 Stab: Petrified         |       |       |     1 |       ||     1
       Sleeping          |       |       |     4 |       ||     4
       Paralysed         |       |       |     4 |    13 ||    17
       Distracted        |       |       |     3 |     1 ||     4
       Confused          |       |       |       |     4 ||     4
  Eat: Chunk             |     6 |     5 |    17 |     7 ||    35
Armor: Troll leather arm |       |     1 |   170 |    22 ||   193
Dodge: Dodged            |    15 |     7 |   574 |   118 ||   714

Table legend:
 A = Spawn XP
 B = Non-spawn XP
 C = Spawn XP percentage of total XP
 D = Spawn monster count
 E = Non-spawn monster count
 F = Spawn count percentage of total count
 G = Total turns spent on level
                    A         B        C        D         E        F      G
               +---------+---------+-------+---------+---------+-------+---------
         Total |       0 |    6439 |   0.0 |       0 |     204 |   0.0 |  8967
               +---------+---------+-------+---------+---------+-------+---------
           D:1 |       0 |      27 |   0.0 |       0 |      17 |   0.0 |   953
           D:2 |       0 |     165 |   0.0 |       0 |      20 |   0.0 |  1224
           D:3 |       0 |      33 |   0.0 |       0 |       9 |   0.0 |   598
           D:4 |       0 |     291 |   0.0 |       0 |       8 |   0.0 |   996
           D:5 |       0 |     988 |   0.0 |       0 |      27 |   0.0 |   732
           D:6 |       0 |     843 |   0.0 |       0 |      18 |   0.0 |  1154
           D:7 |       0 |     382 |   0.0 |       0 |      10 |   0.0 |  1179
           D:8 |       0 |    3281 |   0.0 |       0 |      34 |   0.0 |  1141
         Sewer |       0 |     328 |   0.0 |       0 |      48 |   0.0 |   506
       Ossuary |       0 |     101 |   0.0 |       0 |      13 |   0.0 |   304
               +---------+---------+-------+---------+---------+-------+---------
